 Dungeon Crawl Stone Soup version 0.21.0-25-ge575cb9 (webtiles) character file.

546 tidbits the Insei (level 7, -1/52 HPs)
             Began as a Gnoll Transmuter on Jan 24, 2018.
             Was an Initiate of Cheibriados.
             Slain by an ogre
             ... wielding a +0 giant spiked club
              (16 damage)
             ... on level 5 of the Dungeon.
             The game lasted 00:13:44 (1275 turns).

tidbits the Insei (Gnoll Transmuter)                Turns: 1275, Time: 00:13:45

Health: -1/52      AC:  2    Str: 19      XL:     7   Next: 28%
Magic:  11/15      EV: 15    Int: 18      God:    Cheibriados [......]
Gold:   154        SH:  0    Dex: 15 (16) Spells: 11/17 levels left

rFire    . . .     SeeInvis .   f - +0 dagger
rCold    . . .     Gourm    .   (no shield)
rNeg     . . .     Faith    .   B - -2 leather armour (curse)
rPois    .         Spirit   .   (no helmet)
rElec    .         Reflect  .   C - +0 cloak
rCorr    .         Harm     .   (no gloves)
MR       .....     Rnd*Tele +   (no boots)
Stlth    +.........             (no amulet)
HPRegen  0.17/turn              q - ring of loudness (curse)
MPRegen  0.14/turn              m - ring of teleportation (curse)

@: mighty, very slow
A: distributed training, fangs 1, strong nose
a: Bend Time, Renounce Religion


You were on level 5 of the Dungeon.
You worshipped Cheibriados.
Cheibriados was noncommittal.
You were not hungry.

You visited 2 branches of the dungeon, and saw 6 of its levels.

You collected 154 gold pieces.

Inventory:

Hand Weapons
 e - a cursed -3 dagger
 f - a +0 dagger (weapon)
 g - a +0 rapier
Missiles
 a - 40 arrows
Armour
 b - a +0 robe
 j - a +0 ring mail
 B - a cursed -2 leather armour (worn)
 C - a +0 cloak (worn)
Jewellery
 h - the ring of Robustness {AC+8}
   (You found it on level 4 of the Dungeon)

   [ring of protection]

   It affects your AC (+8).
 m - a cursed ring of teleportation (right hand)
   (You found it on level 1 of the Dungeon)
 q - a cursed ring of loudness (left hand)
   (You found it on level 2 of the Dungeon)
 H - an uncursed ring of protection from magic
   (You found it on level 1 of the Dungeon)
Wands
 p - a wand of paralysis (4)
Scrolls
 k - 2 scrolls of immolation
 n - a scroll of identify
Potions
 s - 2 potions of might
Books
 c - a book of Changes

   Spells                             Type                      Level
   a - Beastly Appendage              Transmutation                1
   b - Sticks to Snakes               Transmutation                2
   c - Spider Form                    Transmutation/Poison         3
   d - Ice Form                       Ice/Transmutation            4
   e - Blade Hands                    Transmutation                5
Comestibles
 d - 6 rations
 l - 2 chunks of flesh


   Skills:
 + Level 3.5 Fighting
 + Level 2.3 Short Blades
 + Level 2.3 Long Blades
 + Level 2.3 Axes
 + Level 2.3 Maces & Flails
 + Level 2.3 Polearms
 + Level 2.3 Staves
 + Level 2.3 Slings
 + Level 2.3 Bows
 + Level 2.3 Crossbows
 + Level 2.3 Throwing
 + Level 2.3 Armour
 + Level 5.2 Dodging
 + Level 2.3 Stealth
 + Level 2.3 Shields
 + Level 7.0 Unarmed Combat
 + Level 5.5 Spellcasting
 + Level 1.9 Conjurations
 + Level 1.9 Hexes
 + Level 1.9 Charms
 + Level 1.9 Summonings
 + Level 1.9 Necromancy
 + Level 1.9 Translocations
 + Level 4.2 Transmutations
 + Level 1.9 Fire Magic
 + Level 1.9 Ice Magic
 + Level 1.9 Air Magic
 + Level 1.9 Earth Magic
 + Level 1.9 Poison Magic
 + Level 2.6 Invocations
 + Level 2.3 Evocations


You had 11 spell levels left.
You knew the following spells:

 Your Spells              Type           Power        Failure   Level  Hunger
e - Beastly Appendage     Tmut           ###...       2%          1    None
k - Sticks to Snakes      Tmut           ###.....     3%          2    None
p - Spider Form           Tmut/Pois      ###.......   12%         3    ##.....


Dungeon Overview and Level Annotations

Branches:
Dungeon (5/15)             Temple (1/1) D:4

Altars:
Ashenzari
Cheibriados
Dithmenos
Elyvilon
Fedhas
Gozag
Nemelex Xobeh
Okawaru
Uskayaw
Vehumet
Wu Jian
Xom
Yredelemnul
Zin
The Shining One

Annotations:
D:5 Grinder


Innate Abilities, Weirdness & Mutations

Your experience applies equally to all skills.
You have very sharp teeth.
Your uncanny sense of smell can sniff out nearby items.


Message History

You have no means to grasp a wand firmly enough.
Unknown command.
Unknown command.
You bite Duvessa!
Duvessa is heavily wounded.
Duvessa hits you with a rapier.
* * * LOW HITPOINT WARNING * * *
Okay, then.
Unknown command.
You hit Duvessa.
Duvessa is poisoned.
Duvessa is heavily wounded.
Your ball python bites Duvessa but does no damage.
Your ball python grabs Duvessa.
Your ball python constricts Duvessa.
You bite Duvessa!
Duvessa looks as sick as possible!
Duvessa is almost dead.
You kill Duvessa!
Cheibriados appreciates the change of pace.
Dowan seems overcome with grief, but rights himself reflexively soon after.
Dowan seems to find hidden reserves of power!
You feel your intelligence returning.
You have reached level 7!
Your ball python bites Dowan but does no damage.
Your ball python closely misses Dowan.
Dowan completely misses you.
Okay, then.
Unknown command.
You bite Dowan!
Dowan is heavily wounded.
Your ball python bites Dowan.
Your ball python grabs Dowan.
Your ball python constricts Dowan.
Dowan says, "Magic will overcome all!"
Dowan hits your ball python but does no damage.
You maul Dowan!!
You kill Dowan!
Cheibriados thoroughly appreciates the change of pace.
Your Unarmed Combat skill increases to level 7!
Your transformation has ended.
Your +0 dagger unmelds from your body.
Your +0 cloak unmelds from your body.
Your cursed -2 leather armour unmelds from your body.
Items here: )) [[ † an enchanted dagger; a robe; a rapier; a chain mail; the elf corpse of Duvessa
e - an enchanted dagger;
g - a rapier You butcher the elf corpse of Duvessa.
Things that are here:
a robe; a chain mail; 2 chunks of flesh
l - 2 chunks of flesh
There is a stone staircase leading down here.
Things that are here:
a quarterstaff of chaos; a potion of degeneration You climb downwards.
Your summoned ally is left behind.
There is a stone staircase leading up here.
Unknown command.
Found a scroll labeled LOSUOSTANKU and a short sword.
Your magical contamination has completely faded away.
You see here 13 gold pieces.
You now have 154 gold pieces (gained 13).
You swap places.
Your adder withers and dies!
You see here a scroll of identify.
n - a scroll of identify Your ball python withers and dies!
You see here a scroll labeled LOSUOSTANKU.
As you read the scroll labeled LOSUOSTANKU, it crumbles to dust.
It is a scroll of amnesia.
Okay, then.
Unknown command.
Found a stone staircase leading down.
Unknown command.
Found a fizzy inky potion.
Grinder comes into view.
Grinder shouts!
You hear a loud, deep croak!
Found a stone staircase leading up.
An adder and a sky beast come into view.
Okay, then.
Unknown command.
As you read the scroll of teleportation, it crumbles to dust.
You feel strangely unstable.
The adder hisses angrily.
Grinder hits you.
* * * LOW HITPOINT WARNING * * *
You writhe in agony.
* * * LOW HITPOINT WARNING * * *
Unknown command.
Grinder misses you. Grinder gestures at you.
You resist with significant effort.
Unknown command.
Your surroundings suddenly seem different.
An ogre comes into view. It is wielding a giant spiked club.
The ogre shouts!
The ogre barely misses you.
Found a scroll of identify, 17 stones, 16 gold pieces and a hand axe.
Found a stone staircase leading up and a stone staircase leading down.
You hear a distant blaring wail to the south.
Evoke which item? (* to show all) (? for menu, Esc to quit)
Aiming: Paralyse
Press: ? - help, Shift-Dir - straight line, f - ogre
Aim: an ogre, wielding a giant spiked club (chance to defeat MR: 52%)
The ogre resists with significant effort.
The ogre hits you with a giant spiked club!
You die...

############
#..........#
#..........#
#..........#
#.......$#
##...<....#
.#....@....#
#.......O...#
##.?........#
##..........(#
#.........#...
.........>.#
#.
##.#.....)..#
..#........#
#####.#..#


You could see an ogre.

Vanquished Creatures
  Duvessa (D:4)
  An ogre (D:4)
  A phantom (D:3)
  Dowan (D:4)
  A hound (D:3)
  An orc priest (D:3)
  An iguana (D:4)
  An orc wizard (D:3)
  Crazy Yiuf (D:2)
  A worker ant (D:4)
  A shadow imp (D:4)
  An ooze (D:4)
  2 dart slugs (D:1)
  2 leopard geckos
  5 orcs
  A ball python (D:3)
  4 bats
  5 hobgoblins (D:1)
  9 jackals
  3 quokkas
  4 frilled lizards
  5 goblins
  3 kobolds
  3 rats
58 creatures vanquished.

Vanquished Creatures (collateral kills)
  A jackal (D:1)
  A giant cockroach (D:1)
2 creatures vanquished.

Grand Total: 60 creatures vanquished

Notes
Turn   | Place    | Note
-------+----------+-------------------------------------------
     0 | D:1      | tidbits the Gnoll Transmuter began the quest for the Orb.
     0 | D:1      | Reached XP level 1. HP: 17/17 MP: 6/6
   109 | D:1      | Reached XP level 2. HP: 20/23 MP: 7/7
   116 | D:1      | Learned a level 2 spell: Sticks to Snakes
   350 | D:1      | Reached XP level 3. HP: 28/28 MP: 9/9
   358 | D:1      | Learned a level 3 spell: Spider Form
   367 | D:2      | Reached skill level 5 in Spellcasting
   527 | D:2      | Reached skill level 1 in Invocations
   630 | D:2      | Found a runed door.
   637 | D:2      | Noticed Crazy Yiuf
   644 | D:2      | Killed Crazy Yiuf
   644 | D:2      | Reached skill level 1 in Short Blades
   644 | D:2      | Reached skill level 1 in Long Blades
   644 | D:2      | Reached skill level 1 in Axes
   644 | D:2      | Reached skill level 1 in Maces & Flails
   644 | D:2      | Reached skill level 1 in Polearms
   644 | D:2      | Reached skill level 1 in Staves
   644 | D:2      | Reached skill level 1 in Slings
   644 | D:2      | Reached skill level 1 in Bows
   644 | D:2      | Reached skill level 1 in Crossbows
   644 | D:2      | Reached skill level 1 in Throwing
   644 | D:2      | Reached skill level 1 in Armour
   644 | D:2      | Reached skill level 1 in Stealth
   644 | D:2      | Reached skill level 1 in Shields
   644 | D:2      | Reached skill level 1 in Evocations
   644 | D:2      | Reached XP level 4. HP: 23/34 MP: 1/11
   742 | D:3      | Reached skill level 1 in Conjurations
   742 | D:3      | Reached skill level 1 in Hexes
   742 | D:3      | Reached skill level 1 in Charms
   742 | D:3      | Reached skill level 1 in Summonings
   742 | D:3      | Reached skill level 1 in Necromancy
   742 | D:3      | Reached skill level 1 in Translocations
   742 | D:3      | Reached skill level 1 in Fire Magic
   742 | D:3      | Reached skill level 1 in Ice Magic
   742 | D:3      | Reached skill level 1 in Air Magic
   742 | D:3      | Reached skill level 1 in Earth Magic
   742 | D:3      | Reached skill level 1 in Poison Magic
   852 | D:3      | Reached XP level 5. HP: 23/40 MP: 1/12
   854 | D:3      | Reached skill level 3 in Fighting
   893 | D:3      | Found a blossoming altar of Fedhas.
   932 | D:4      | Reached skill level 4 in Transmutations
   939 | D:4      | Found the ring of Robustness {AC+8}
   979 | D:4      | Noticed an ogre
   989 | D:4      | Killed an ogre
   989 | D:4      | Reached skill level 2 in Invocations
   989 | D:4      | Reached XP level 6. HP: 16/47 MP: 7/14
  1032 | D:4      | Found a glowing golden altar of the Shining One.
  1084 | D:4      | Reached skill level 5 in Dodging
  1092 | D:4      | Found a staircase to the Ecumenical Temple.
  1097 | Temple   | Entered the Ecumenical Temple
  1103 | Temple   | Became a worshipper of Cheibriados the Contemplative
  1152 | D:3      | Noticed a phantom
  1163 | D:3      | Killed a phantom
  1163 | D:3      | Reached skill level 2 in Short Blades
  1163 | D:3      | Reached skill level 2 in Long Blades
  1163 | D:3      | Reached skill level 2 in Axes
  1163 | D:3      | Reached skill level 2 in Maces & Flails
  1163 | D:3      | Reached skill level 2 in Polearms
  1163 | D:3      | Reached skill level 2 in Staves
  1163 | D:3      | Reached skill level 2 in Slings
  1163 | D:3      | Reached skill level 2 in Bows
  1163 | D:3      | Reached skill level 2 in Crossbows
  1163 | D:3      | Reached skill level 2 in Throwing
  1163 | D:3      | Reached skill level 2 in Armour
  1163 | D:3      | Reached skill level 2 in Stealth
  1163 | D:3      | Reached skill level 2 in Shields
  1163 | D:3      | Reached skill level 2 in Evocations
  1210 | D:5      | Entered Level 5 of the Dungeon
  1210 | D:5      | Noticed Duvessa
  1210 | D:5      | Noticed Dowan
  1232 | D:4      | Killed Duvessa
  1232 | D:4      | Reached XP level 7. HP: 9/52 MP: 4/15
  1234 | D:4      | Killed Dowan
  1234 | D:4      | Reached skill level 7 in Unarmed Combat
  1268 | D:5      | Noticed Grinder
  1275 | D:5      | Slain by an ogre

Skill      XL: |  1  2  3  4  5  6  7 |
---------------+----------------------+-----
Spellcasting   | 5 |  5.5
Invocations    | 1 2 |  2.6
Short Blades   | 1 2 |  2.3
Long Blades    | 1 2 |  2.3
Axes           | 1 2 |  2.3
Maces & Flails | 1 2 |  2.3
Polearms       | 1 2 |  2.3
Staves         | 1 2 |  2.3
Slings         | 1 2 |  2.3
Bows           | 1 2 |  2.3
Crossbows      | 1 2 |  2.3
Throwing       | 1 2 |  2.3
Armour         | 1 2 |  2.3
Stealth        | 1 2 |  2.3
Shields        | 1 2 |  2.3
Evocations     | 1 2 |  2.3
Conjurations   | 1 |  1.9
Hexes          | 1 |  1.9
Charms         | 1 |  1.9
Summonings     | 1 |  1.9
Necromancy     | 1 |  1.9
Translocations | 1 |  1.9
Fire Magic     | 1 |  1.9
Ice Magic      | 1 |  1.9
Air Magic      | 1 |  1.9
Earth Magic    | 1 |  1.9
Poison Magic   | 1 |  1.9
Fighting       | 3 |  3.5
Transmutations | 4 |  4.2
Dodging        | 5 |  5.2
Unarmed Combat | 7 |  7.0

Action                   |  1- 3 |  4- 6 |  7- 9 || total
-------------------------+-------+-------+-------++-------
Melee: Unarmed           |    75 |    65 |     2 ||   142
       Bite              |     5 |     4 |       ||     9
       Headbutt          |     5 |       |       ||     5
       Punch             |     1 |       |       ||     1
       Kick              |     8 |       |       ||     8
       Dagger            |       |     6 |       ||     6
 Cast: Beastly Appendage |    13 |     2 |       ||    15
       Sticks to Snakes  |     2 |     8 |       ||    10
       Spider Form       |     5 |    10 |       ||    15
 Abil: End Transformatio |     1 |     1 |       ||     2
Evoke: Wand              |       |     2 |     1 ||     3
  Use: Scroll            |       |     6 |     2 ||     8
       Potion            |       |    10 |       ||    10
 Stab: Sleeping          |     2 |       |       ||     2
       Paralysed         |       |     6 |       ||     6
  Eat: Ration            |     1 |       |       ||     1
Armor: Robe              |     8 |       |       ||     8
       Skin              |     1 |       |       ||     1
       Leather armour    |       |     2 |       ||     2
Dodge: Dodged            |    65 |    47 |     3 ||   115

Table legend:
 A = Turns spent in this place as a percentage of turns spent in the entire game.
 B = Non-inter-level travel turns spent in this place as a percentage of non-inter-level travel turns spent in the entire game.
 C = Inter-level travel turns spent in this place as a percentage of turns spent in this place.
 D = Turns resting spent in this place as a percentage of non-inter-level travel turns spent in this place.
 E = Turns spent auto-exploring this place as a percentage of non-inter-level travel turns spent in this place.
 F = Non-inter-level travel turns spent in this place divided by the number of levels of this place that you've seen.
                   A       B       C       D       E      F
               +-------+-------+-------+-------+-------+----------------------
         Total | 100.0 | 100.0 |   0.0 |   0.0 |   0.0 | 212.5
       Dungeon |  99.0 |  99.0 |   0.0 |   0.0 |   0.0 | 252.4
        Temple |   1.0 |   1.0 |   0.0 |   0.0 |   0.0 |  13.0
               +-------+-------+-------+-------+-------+----------------------

Table legend:
 A = Kills in this place as a percentage of kills in entire the game.
 B = Kills by you in this place as a percentage of kills by you in the entire game.
 C = Kills by friends in this place as a percentage of kills by friends in the entire game.
 D = Other kills in this place as a percentage of other kills in the entire game.
 E = Experience gained in this place as a percentage of experience gained in the entire game.
 F = Experience gained in this place divided by the number of levels of this place that you have seen.
                   A       B       C       D       E      F
               +-------+-------+-------+-------+-------+----------------------
         Total | 100.0 | 100.0 | 100.0 |   N/A | 100.0 | 130.2
       Dungeon | 100.0 | 100.0 | 100.0 |   N/A | 100.0 | 156.2
               +-------+-------+-------+-------+-------+----------------------

Vault maps used:
D:1:      eino_arrival_druids_welcome
D:2:      roderic_lattice_a, uniq_crazy_yiuf_cottage
D:3:      fedhas_altar_2, serial_glass, glass_columns_a, glass_columns_b,
          first_ration, st_stairs_13
D:4:      nicolae_tso_swordbearing_angel, temple_doors_e
D:5:      gammafunk_temple_overflow_statue, guppyfry_early_lair_pool,
          uniq_grinder, uniq_duvessa
Temple:   nicolae_temple_x_marks_the_god
